 Dungeon Crawl Stone Soup version 0.13.1 (webtiles) character file.

2104 Chiseanne the Ducker (level 8, 0/58 HPs)
             Began as a Vampire Artificer on Nov 28, 2013.
             Slain by a hobgoblin zombie (3 damage)
             ... in an ossuary.
             The game lasted 00:21:30 (5186 turns).

Chiseanne the Ducker (Vampire Artificer)            Turns: 5186, Time: 00:21:30

HP   0/58        AC 16     Str 12      XL: 8   Next: 87%
MP  14/14        EV  5     Int 17      God:
Gold 266         SH  0     Dex 14      Spells:  0 memorised,  7 levels left

Res.Fire  : . . .   See Invis. : +   H - +1,+2 flail (protect)
Res.Cold  : . . .   Warding    : .   a - +0 chain mail
Life Prot.: . . .   Conserve   : .   (no shield)
Res.Poison: .       Res.Corr.  : .   (no helmet)
Res.Elec. : .       Clarity    : +   v - +0 cloak
Sust.Abil.: . .     Spirit.Shd : .   (no gloves)
Res.Mut.  : .       Stasis     : .   (no boots)
Res.Rott. : .       Flight     : .   (no amulet)
Saprovore : . . .                    (no ring)
                                     k - +3 ring of intelligence

@: regenerating quickly, somewhat resistant to hostile enchantments, extremely
unstealthy
A: bottle blood, claws 1, fangs 3, see invisible, clarity, -10% mp, unbreathing
a: Bottle Blood


You were in an ossuary.
You were very full.

You visited 2 branches of the dungeon, and saw 7 of its levels.
You also visited: Ossuary.

You collected 246 gold pieces.

Inventory:

Hand weapons
 b - a +2,+0 bow of velocity
 f - a +0 blowgun
 l - a +2,+2 war axe
 o - a cursed +3,+2 spear of freezing
 G - a +4,+6 scythe of protection
 H - a +1,+2 flail of protection (weapon)
Missiles
 e - 29 poisoned needles
 g - 2 darts (quivered)
Armour
 a - a +0 chain mail (worn)
 v - a +0 cloak (worn)
Magical devices
 c - a wand of enslavement (0)
 d - a wand of random effects (0)
 y - a wand of cold (3)
Comestibles
 h - 2 apples
Scrolls
 j - a scroll of identify {unknown}
 m - 4 scrolls of remove curse
Jewellery
 k - a +3 ring of intelligence (left claw)
Potions
 n - a potion of resistance
Books
 D - a book of Clouds

   Spells                             Type                      Level
   Mephitic Cloud                     Conjuration/Poison/Air       3
   Conjure Flame                      Conjuration/Fire             3
   Poisonous Cloud                    Conjuration/Poison/Air       6
   Freezing Cloud                     Conjuration/Ice/Air          6
   Ring of Flames                     Charms/Fire                  7


   Skills:
 * Level 3.5 Fighting
   Level 1.1 Short Blades
 - Level 2.1 Axes
 * Level 3.4 Maces & Flails
 - Level 1.0 Polearms
 * Level 4.9 Armour
 * Level 6.5 Dodging
 - Level 1.5 Stealth
 * Level 5.4 Evocations


You had 7 spell levels left.
You didn't know any spells.

Dungeon Overview and Level Annotations

Branches:
Dungeon (6/27)             Temple (1/1) D:5
    Orc: D:6-11

Altars:
Ashenzari
Cheibriados
Elyvilon
Fedhas
Kikubaaqudgha
Nemelex Xobeh
Okawaru
Sif Muna
Trog
Vehumet
Xom
Yredelemnul
Zin
the Shining One


Innate Abilities, Weirdness & Mutations

Your natural rate of healing is unusually fast.
You can bottle blood from corpses.
You have razor-sharp teeth.*
You have supernaturally acute eyesight.
You can survive without breathing.*
You have sharp fingernails.*
You possess an exceptional clarity of mind.+ Your magical capacity is low (-10% MP).+


Message History

* * * LOW HITPOINT WARNING * * *
The gnoll zombie hits you but does no damage.
The hobgoblin zombie hits you but does no damage.
The rat zombie bites you but does no damage.
The human zombie hits you but does no damage.
The big kobold zombie closely misses you.
You hit the rat zombie.
You destroy the rat zombie!
The big kobold zombie hits you but does no damage.
The hobgoblin zombie barely misses you. The gnoll zombie barely misses you.
The big kobold zombie hits you but does no damage.
The human zombie barely misses you.
The hobgoblin zombie hits you but does no damage.
The gnoll zombie hits you but does no damage.
There is a gate leading back out of here here.
The big kobold zombie hits you but does no damage.
The gnoll zombie hits you.
* * * LOW HITPOINT WARNING * * *
The hobgoblin zombie hits you.
You die...

.... ..........
............
..............
................
................
................
.......z.z........
.......zz@........
........zz........
................
................
...............#
..............
............
.......... ####


You could see a hobgoblin zombie, 2 gnoll zombies, 2 big kobold zombies and a
human zombie.

Vanquished Creatures
  Edmund (D:4)
  A sky beast (D:6)
  An ice beast (D:5)
  A phantom (D:6)
  4 centaurs
  3 ogres
  Sigmund (D:4)
  4 wights (D:6)
  5 crimson imps (D:5)
  A gnoll shaman (D:4)
  3 hounds (D:5)
  An orc priest (D:3)
  A scorpion (D:3)
  An iguana (D:5)
  2 orc wizards
  2 hound zombies (Ossuary)
  A jelly (D:5)
  3 gnolls (D:4)
  A worm zombie (D:6)
  5 adders
  A worm (D:2)
  An adder zombie (Ossuary)
  An iguana skeleton (D:6)
  A giant eyeball (D:5)
  4 giant geckos (D:3)
  9 orcs
  10 goblins
  11 hobgoblins
  7 jackals
  13 kobolds
  2 quokkas
  2 ball pythons
  7 bats
  5 giant cockroaches
  3 giant newts
  2 hobgoblin zombies
  A jackal zombie (D:6)
  A kobold skeleton (D:4)
  A kobold zombie (Ossuary)
  An orc skeleton (D:5)
  A quokka skeleton (D:5)
  4 rats
  3 rat zombies
133 creatures vanquished.

Vanquished Creatures (collateral kills)
  A giant frog (D:5)
  An orc wizard (D:5)
  3 gnolls (D:4)
  2 orcs (D:5)
7 creatures vanquished.

Grand Total: 140 creatures vanquished

Notes
Turn   | Place    | Note
--------------------------------------------------------------
     0 | D:1      | Chiseanne, the Vampire Artificer, began the quest for the Orb.
     0 | D:1      | Reached XP level 1. HP: 16/16 MP: 2/2
   266 | D:1      | Reached skill level 3 in Evocations
   686 | D:1      | Reached XP level 2. HP: 19/22 MP: 4/4
  1031 | D:2      | Reached skill level 1 in Fighting
  1462 | D:2      | Reached skill level 1 in Armour
  1462 | D:2      | Reached XP level 3. HP: 27/27 MP: 5/5
  2092 | D:3      | Reached XP level 4. HP: 33/33 MP: 7/7
  2465 | D:3      | Noticed an orc warrior
  2474 | D:3      | an orc warrior changed into a scorpion
  2475 | D:3      | Reached skill level 1 in Axes
  2475 | D:3      | Reached XP level 5. HP: 29/38 MP: 9/9
  2823 | D:4      | Noticed an ogre
  2836 | D:4      | Killed an ogre
  2981 | D:4      | Noticed an ogre
  2983 | D:4      | Killed an ogre
  2983 | D:4      | Reached skill level 4 in Dodging
  2983 | D:4      | Reached XP level 6. HP: 45/45 MP: 11/11
  3208 | D:4      | Noticed Sigmund
  3214 | D:4      | Killed Sigmund
  3284 | D:4      | Found a deep blue altar of Sif Muna.
  3344 | D:4      | Noticed Edmund
  3364 | D:4      | Killed Edmund
  3364 | D:4      | Reached skill level 1 in Polearms
  3498 | D:5      | Entered Level 5 of the Dungeon
  3498 | D:5      | Found a blossoming altar of Fedhas.
  3518 | D:5      | Reached XP level 7. HP: 50/50 MP: 13/13
  3530 | D:5      | Found a staircase to the Ecumenical Temple.
  3624 | D:5      | Reached skill level 1 in Maces & Flails
  3725 | D:5      | Reached skill level 5 in Dodging
  3931 | Temple   | Entered the Ecumenical Temple
  4168 | D:5      | Paralysed by a giant eyeball for 2 turns
  4196 | D:5      | Reached XP level 8. HP: 57/57 MP: 15/15
  4479 | D:5      | Reached skill level 5 in Evocations
  4660 | D:6      | Gained mutation: Your magical capacity is low (-10% MP). [potion of mutation]
  4660 | D:6      | Gained mutation: You possess an exceptional clarity of mind. [potion of mutation]
  4663 | D:6      | Gained mutation: You have sharp fingernails. [potion of beneficial mutation]
  4685 | D:6      | Reached skill level 6 in Dodging
  4711 | D:6      | Found a shattered altar of Ashenzari.
  4927 | D:6      | Found a sand-covered staircase.
  5145 | Ossuary  | Entered an ossuary
  5186 | Ossuary  | Slain by a hobgoblin zombie

Action                   |  1- 3 |  4- 6 |  7- 9 || total
-------------------------+-------+-------+-------++-------
Melee: Dagger            |   106 |       |       ||   106
       Short sword       |    17 |       |       ||    17
       War axe           |    46 |    58 |       ||   104
       Flail             |       |    16 |   297 ||   313
       Scythe            |       |    14 |       ||    14
 Abil: Bottle Blood      |       |     3 |     3 ||     6
Evoke: Wand              |    15 |    20 |    22 ||    57
  Use: Scroll            |     2 |       |     9 ||    11
       Potion            |       |       |    11 ||    11
 Stab: Distracted        |       |     1 |       ||     1
